 Dungeon Crawl Stone Soup version 0.28.0-45-g0d030f2227 (webtiles) character file.

Game seed: 18198823691384419323

27 NinjaNoafa the Grave Robber (level 2, -3/22 HPs)
             Began as a Deep Dwarf Necromancer on Apr 5, 2022.
             Slain by an orc
             ... wielding a +2 mace of protection
              (4 damage)
             ... on level 2 of the Dungeon.
             The game lasted 00:04:38 (1082 turns).

NinjaNoafa the Grave Robber (DDNe)                  Turns: 1082, Time: 00:04:39

Health: -3/22      AC:  2    Str: 11    XL:     2   Next: 93%
Magic:  4/5        EV: 12    Int: 15    God:
Gold:   70         SH:  0    Dex: 13    Spells: 4/5 levels left

rFire   + . .      SeeInvis .   b - staff of fire
rCold   . . .      Faith    .   (no shield)
rNeg    . . .      Spirit   .   a - +0 robe
rPois   .          Reflect  .   (no helmet)
rElec   .          Harm     .   (no cloak)
rCorr   .          Rampage  .   (no gloves)
Will    .....                   (no boots)
Stlth   ++........              (no amulet)
HPRegen 0.00/turn               (no ring)
MPRegen 0.09/turn               (no ring)

@: no status effects
A: damage resistance, heal wounds, sense surroundings 1, no regeneration
a: Heal Wounds


You were on level 2 of the Dungeon.
You visited 1 branch of the dungeon, and saw 2 of its levels.

You collected 70 gold pieces.

Inventory:

Hand Weapons
 e - a +2 short sword of draining
Missiles
 c - 43 stones
Armour
 a - a +0 robe (worn)
Magical Staves
 b - a staff of fire (weapon)
Scrolls
 d - a scroll of teleportation
 f - a scroll of amnesia {unknown}
 g - a scroll of noise {unknown}


   Skills:
 + Level 2.4 Dodging
 + Level 2.7 Stealth
 + Level 2.0 Spellcasting
 + Level 4.5 Necromancy
 * Level 0.8 Fire Magic
 + Level 1.2 Evocations


You had 4 spell levels left.
You knew the following spells:

 Your Spells              Type           Power      Damage    Failure   Level
a - Pain                  Necr           60%        1d7       3%          1

Your spell library contained the following spells:

 Spells                   Type           Power      Damage    Failure   Level
 Animate Skeleton         Necr           30%        N/A       3%          1
 Vampiric Draining        Necr           15%        2d7       10%         3
 Foxfire                  Conj/Fire      16%        2x1d4     19%         1
 Animate Dead             Necr           7%         N/A       32%         4
 Conjure Flame            Conj/Fire      4%         6-21      50%         3
 Inner Flame              Hex/Fire       4%         N/A       50%         3
 Flame Wave               Conj/Fire      4%         2d5       88%         4
 Agony                    Necr           15%        N/A       67%         5


Dungeon Overview and Level Annotations

Branches:
Dungeon (2/15)

Altars:


Innate Abilities, Weirdness & Mutations

You are resistant to damage.
You can heal yourself by infusing magical energy.
You passively map a small area around you.
You do not regenerate.


Message History

The orc hits you with a +2 mace of protection.
You closely miss the orc. The hobgoblin barely misses you. The orc misses you.
The hobgoblin closely misses you.
You hit the orc but do no damage.
The orc hits you with a +2 mace of protection.
* * * LOW HITPOINT WARNING * * *
The hobgoblin closely misses you.
You hit the orc but do no damage. The orc completely misses you.
The hobgoblin hits you.
You hit the orc but do no damage.
The orc hits you with a +2 mace of protection.
* * * LOW HITPOINT WARNING * * *
The hobgoblin hits you but does no damage.
You hit the orc but do no damage.
The orc hits you with a +2 mace of protection.
* * * LOW HITPOINT WARNING * * *
The hobgoblin barely misses you.
Assign waypoint to what number? (0-9)
Okay, then.
Okay, then.
Okay, then.
The hobgoblin hits you. The hobgoblin barely misses you.
You completely miss the orc. The hobgoblin barely misses you.
The orc hits you but does no damage. The hobgoblin barely misses you.
Casting: Pain (safe; 3% risk of failure)
Confirm with . or Enter, or press ? or * to list all spells.
Aiming: Pain (safe; 3% risk of failure)
Press: ? - help, Shift-Dir - straight line, f - orc
Aim: an orc, wielding a +2 mace of protection and wearing a +0 ring mail (chance to affect: 85%)
The orc writhes in agony.
The orc barely misses you.
The hobgoblin hits you but does no damage.
Casting: Pain (safe; 3% risk of failure)
Confirm with . or Enter, or press ? or * to list all spells.
You don't know that spell.
Okay, then.
Memorise Foxfire, consuming 1 spell level and leaving 3?
The orc hits you with a +2 mace of protection.
Your memorisation is interrupted.
You die...

#.# #.# ,
#...#...#.
#.####.######
##.#..KSJ..
#†.......(..#
,...........
######.####.# * *
.###....... #.#
#.#.[ ## #
#.#...#.
#.####..#**.##.#
#.##.##.
#.......#
..........†##.
#..####.###.#
####.##.##. #..#
#@o.# .J ,..##.
#..######g##.####
*#o##.
#................
#.###
##.######........
#.# **#.#
####.###. #.#
#.....# .# , ,
#.###.# # , * #.
.# , # * # ,


You could see an orc and a hobgoblin.

Vanquished Creatures
  An adder (D:2)
  3 bats
  An endoplasm (D:1)
  A giant cockroach (D:1)
  2 goblins (D:1)
  3 hobgoblins
  A quokka (D:2)
  A frilled lizard (D:2)
  2 kobolds (D:1)
  3 rats (D:1)
18 creatures vanquished.

Vanquished Creatures (others)
  11 demonic plants (D:2)
  4 fungi (D:2)
  2 withered plants (D:2)
17 creatures vanquished.

Grand Total: 35 creatures vanquished

Notes
Turn   | Place    | Note
-------+----------+-------------------------------------------
     0 | D:1      | NinjaNoafa the Deep Dwarf Necromancer began the quest for
                  | the Orb.
     0 | D:1      | Reached XP level 1. HP: 15/15 MP: 3/3
   452 | D:1      | Reached XP level 2. HP: 14/22 MP: 4/4
   802 | D:2      | Reached skill level 1 in Evocations
  1077 | D:2      | HP: 1/22 [orc/+2 mace of protection (1)]
  1082 | D:2      | Slain by an orc

Illustrated notes

Levels and vault maps discovered:
D:1:      arrival_zaba_pyramid, layout_loops_ring
D:2:      layout_loops_ring, shapermc_ecumenical_altar_gd

Skill      XL: |  1  2 |
---------------+-------+-----
Spellcasting   | 2 |  2.0
Evocations     | 1 |  1.2
Dodging        | |  2.4
Stealth        | |  2.7
Necromancy     | |  4.5
Fire Magic     | |  0.8

Action                   || total
-------------------------++-------
Melee: Staff             ||    36
       Short sword       ||    19
 Cast: Pain              ||    13
 Abil: Heal Wounds       ||     1
  Use: Scroll            ||     1
 Stab: Sleeping          ||     3
Armor: Robe              ||    13
Dodge: Dodged            ||    56
